AoeStats
← vikman85

Arena

509195311Analyzed
3v3 RM · 5d ago on Sep 25, 2026· 58m 18s· 6 players
Game mode
Random Map
Map size
Normal (6 player)
Population
200
Speed
Normal
Resources
Standard
Victory
Conquest
Starting age
Dark Age
Ending age
Imperial Age
RankedLock teamsTeams togetherTeam positionsShared explorationLock speedFull tech treeHidden civsTurbo modeCheats
Victory
Defeat
🇹🇷 Saracens · Türkiye
1271
+13
🇦🇺 Romans · Australia
1250
+14
🇹🇷 Britons · Türkiye
1198
+16
🇪🇸 Varangians · Spain
1254
-15
🇪🇸 Danes · Spain
1194
-14
🇪🇸 Bohemians · Spain
1188
-14
DK_rudyairlines
6:23 Loom
8:37 Feudal Age
12:09 Fletching
16:27 Man-at-Arms
20:45 Arson
22:32 Scale Mail Armor
22:42 Forging
31:47 Castle Age
32:26 Bodkin Arrow
32:36 Gambesons
32:52 Squires
33:14 Chain Mail Armor
35:45 Iron Casting
44:46 Imperial Age
42:53 Wheelbarrow
42:03 Town Watch
42:17 Double-Bit Axe
45:12 Elite Varangian Guard
48:37 Bow Saw
48:15 Capped Ram
50:52 Hand Cart
50:43 Horse Collar
52:44 Plate Mail Armor
59:06 Blast Furnace
57:58 Heavy Scorpion
vikman85
10:14 Feudal Age
13:59 Castle Age
12:18 Double-Bit Axe
13:05 Horse Collar
19:02 Loom
20:28 Bow Saw
21:19 Wheelbarrow
21:27 Heavy Plow
22:43 Hand Cart
22:35 Stone Mining
22:36 Gold Mining
25:14 Scale Barding Armor
25:20 Forging
28:30 Imperial Age
26:17 Bloodlines
26:08 Husbandry
26:53 Chain Barding Armor
27:47 Iron Casting
28:58 Cavalier
30:45 Plate Barding Armor
30:37 Vendel Legacy
31:42 Light Cavalry
33:06 Stone Shaft Mining
33:32 Two-Man Saw
33:04 Crop Rotation
33:57 Coinage
34:22 Conscription
33:54 Hussar
35:37 Blast Furnace
37:32 Town Watch
37:51 Scale Mail Armor
38:00 Squires
37:46 Gambesons
37:46 Arson
39:37 Elite Varangian Guard
40:55 Chain Mail Armor
41:15 Fletching
43:54 Plate Mail Armor
43:53 Gothikon
46:47 Bodkin Arrow
47:14 Ballistics
47:05 Masonry
49:37 Bracer
50:19 Guilds
50:40 Banking
55:18 Architecture
54:53 Siege Engineers
55:58 Chemistry
VimaraPeres
10:31 Feudal Age
14:39 Castle Age
12:59 Double-Bit Axe
14:45 Horse Collar
16:46 Fervor
16:38 Loom
17:26 Town Watch
18:31 Heavy Plow
26:07 Chemistry
26:07 Padded Archer Armor
35:32 Ballistics
39:00 Bow Saw
38:59 Pikeman
40:33 Fletching
40:56 Forging
40:46 Scale Mail Armor
46:31 Iron Casting
47:00 Squires
47:18 Chain Mail Armor
48:13 Fletching
49:34 Wheelbarrow
52:24 Bodkin Arrow
51:54 Crossbowman
55:03 Leather Archer Armor
55:29 Masonry
Arfah
10:54 Feudal Age
15:32 Castle Age
13:38 Double-Bit Axe
13:38 Horse Collar
13:38 Man-at-Arms
16:28 Bow Saw
16:05 Long Swordsman
18:38 Loom
20:56 Scale Mail Armor
21:58 Squires
22:36 Chain Mail Armor
22:53 Forging
28:56 Wheelbarrow
29:14 Heavy Plow
31:33 Iron Casting
33:55 Imperial Age
32:31 Fortified Wall
32:25 Pikeman
34:05 Legionary
34:22 Halberdier
36:29 Legionary
43:56 Gold Mining
44:29 Hand Cart
45:52 Gold Shaft Mining
45:10 Stone Mining
45:03 Capped Ram
47:09 Blast Furnace
46:19 Siege Ram
47:18 Masonry
47:16 Siege Engineers
48:07 Comitatenses
48:08 Conscription
50:57 Scale Barding Armor
54:18 Chain Barding Armor
54:16 Bloodlines
badeMJoon
11:01 Feudal Age
14:10 Forging
13:53 Fletching
14:11 Loom
23:14 Horse Collar
27:47 Castle Age
28:22 Bodkin Arrow
30:05 Padded Archer Armor
47:29 Double-Bit Axe
50:17 Heavy Plow
54:02 Wheelbarrow
54:35 Bow Saw
55:01 Light Cavalry
57:08 Scale Mail Armor
58:46 Forging
58:58 Husbandry
Grim Reaper
10:37 Feudal Age
11:18 Double-Bit Axe
11:15 Horse Collar
15:14 Wheelbarrow
18:01 Castle Age
16:16 Gold Mining
19:33 Bow Saw
21:02 Heavy Plow
22:30 Loom
24:59 Hand Cart
25:27 Stone Mining
27:08 Gold Shaft Mining
31:13 Imperial Age
29:08 Scale Barding Armor
29:14 Forging
30:39 Fortified Wall
30:28 Murder Holes
30:43 Masonry
31:59 Bloodlines
32:39 Chain Barding Armor
32:54 Iron Casting
32:23 Husbandry
33:19 Conscription
32:26 Elite Mameluke
35:40 Two-Man Saw
34:40 Heavy Camel Rider
37:25 Plate Barding Armor
37:51 Blast Furnace
55:50 Light Cavalry
Connection lost

Rejoining the realm…

Still unreachable

The connection could not be restored.

Session expired

The server has moved on; the page needs a fresh start.